 Dungeon Crawl Stone Soup version 0.29.0-11-gd7f09526c8 (webtiles) character file.

Game seed: 13825991649145390935

5 xian the Sneak (level 1, -3/22 HPs)
             Began as a Troll Delver on Sept 6, 2022.
             Slain by an ogre
             ... wielding a +0 giant spiked club
              (25 damage)
             ... on level 5 of the Dungeon.
             The game lasted 00:00:56 (148 turns).

xian the Sneak (Troll Delver)                        Turns: 148, Time: 00:00:57

Health: -3/22      AC:  4    Str: 19    XL:     1   Next: 66%
Magic:  0/0        EV:  9    Int:  6    God:
Gold:   30         SH:  0    Dex: 11    Spells: 0/0 levels left

rFire   . . .      SeeInvis .   a - +0 mace
rCold   . . .      Faith    .   (no shield)
rNeg    . . .      Spirit   .   b - +0 robe
rPois   .          Reflect  .   (helmet restricted)
rElec   .          Harm     .   (no cloak)
rCorr   .          Rampage  .   (gloves unavailable)
Will    .....                   (boots unavailable)
Stlth   ++........              (no amulet)
HPRegen 0.87/turn               (no ring)
MPRegen 0.07/turn               (no ring)

@: hasted (expiring), very quick
A: large, unfitting armour, claws 3, regeneration 1, shaggy fur 1, tough skin 1
a: no special abilities


You were on level 5 of the Dungeon.
You visited 1 branch of the dungeon, and saw 1 of its levels.

You collected 30 gold pieces.

Inventory:

Hand Weapons
 a - a +0 mace (weapon)
Armour
 b - a +0 robe (worn)
Wands
 g - a wand of digging (3)
Scrolls
 c - a scroll of fog
 d - a scroll of magic mapping
 e - a scroll of fear
 h - a scroll of butterflies {unknown}
 j - a scroll of blinking {unknown}
Potions
 i - 2 potions of mutation {unknown}


   Skills:
 + Level 2.6 Fighting
 - Level 1.7 Maces & Flails
 + Level 0.6 Throwing
 - Level 1.5 Dodging
 - Level 2.7 Stealth


You couldn't memorise any spells.
You didn't know any spells.
Your spell library was empty.

Dungeon Overview and Level Annotations

Branches:
Dungeon (5/15)
 Temple: D:4-7

Altars:
Ru


Innate Abilities, Weirdness & Mutations

You are too large for most types of armour.
You have claws for hands.
Your natural rate of healing is unusually fast.
You are covered in fur. (AC +1)
You have tough skin. (AC +1)


Message History

You barely miss the ufetubus. The ufetubus hits you.
The ufetubus barely misses you.
The ufetubus hits you but does no damage.
The ufetubus misses you.
You barely miss the ufetubus.
The ufetubus hits you but does no damage. x4
You completely miss the ufetubus. The ufetubus barely misses you. x2
The ufetubus hits you but does no damage.
The ufetubus barely misses you.
You closely miss the ufetubus.
The ufetubus hits you but does no damage.
The ufetubus barely misses you. x2
The ufetubus hits you but does no damage.
You sock the ufetubus!
You kill the ufetubus!
Found 14 gold pieces.
j - a scroll labelled ZIBLUSHOMOGH
There is a sacrificial altar of Ru here.
You now have 30 gold pieces (gained 14).
You open the door. 4 orcs come into view.
The orc moves out of view.
An orc priest comes into view. It is wielding a +0 club.
The orc shouts! x2
There is an open door here.
Okay, then.
You feel yourself speed up.
An ogre comes into view. It is wielding a +0 giant spiked club.
The ogre shouts!
You sock the ogre!
The ogre is moderately wounded.
The ogre barely misses you.
You sock the ogre!
The ogre is heavily wounded.
You sock the ogre!
The ogre is almost dead.
Your extra speed is starting to run out.
The ogre hits you with a +0 giant spiked club!!
Ouch! That really hurt!
You die...

.# #.# .#..# #..
..#.# #.# #.#.#
#.# #.#.# #.#
#.#.### #.#
#>....# #.#
#.#.#.# #O#
#.#.#.# #@#
###.#.#.# #.#
........# #.#
###..#..# #.#
#..#..# #.#
####..#..#######.#
.................#
.....##.##########
#######.#


You could see an ogre.

Vanquished Creatures
  An ufetubus (D:5)
1 creature vanquished.

Notes
Turn   | Place    | Note
-------+----------+-------------------------------------------
     0 | D:5      | xian the Troll Delver began the quest for the Orb.
     0 | D:5      | Reached XP level 1. HP: 22/22 MP: 0/0
    55 | D:5      | Found a sacrificial altar of Ru.
    93 | D:5      | Noticed an orc priest
   141 | D:5      | Noticed an ogre
   148 | D:5      | Slain by an ogre

Illustrated notes

Levels and vault maps discovered:
D:5:      layout_loops_ring, hangedman_ru_absence, uniq_crazy_yiuf_cottage

Action                   || total
-------------------------++-------
Melee: Mace              ||     8
  Use: Potion            ||     1
Armor: Robe              ||     8
Dodge: Dodged            ||     8
